 Dungeon Crawl Stone Soup version 0.31-a0-667-g39726597b9 (webtiles) character file.

Game seed: 4137668304928871525

15196 Tauromancer the Fighter (level 12, -7/76 HPs)
             Began as a Gargoyle Gladiator on Sept 4, 2023.
             Was a High Priest of Okawaru.
             Mangled by a 16-headed hydra (11 damage)
             ... on level 11 of the Dungeon.
             The game lasted 01:34:15 (12714 turns).

Tauromancer the Fighter (Gargoyle Gladiator)       Turns: 12714, Time: 01:34:15

Health: -7/76      AC: 35    Str: 27      XL:     12   Next: 24%
Magic:  28/28      EV:  9    Int: 18      God:    Okawaru [*****.]
Gold:   868        SH:  0    Dex:  8 (10) Spells: 9/11 levels left

rFire   . . .        g - +2 lajatang (protect)
rCold   + . .        (shield currently unavailable)
rNeg    + . .        E - +2 chain mail {rC+}
rPois   ∞            c - +0 helmet
rElec   +            s - +2 cloak
rCorr   +            k - +2 pair of gloves
SInv    .            m - +0 pair of boots
Will    +....        (no amulet) Stlth
                     A - ring "Zoiggi Poasi" {Will+ rCorr MP+9 Str+4 Int+6}
HPRegen 0.32/turn    J - +4 ring of protection
MPRegen 0.21/turn

%: no passive effects
@: about to teleport, invisible
A: sickness immunity, AC +8, negative energy resistance 1, electricity
resistance, torment resistance 1, petrification resistance, clever 1, high MP 1
a: Renounce Religion, Heroism, Finesse, Duel


You were on level 11 of the Dungeon.
You worshipped Okawaru.
Okawaru was extremely pleased with you.
You visited 2 branches of the dungeon, and saw 12 of its levels.
You also visited: Ossuary.

You collected 868 gold pieces.

Inventory:

Hand Weapons
 a - a +5 quarterstaff of chaos
 b - the +7 flail of Disintegration {flame, rN++}
   (You found it on level 7 of the Dungeon)

   rN++:      It greatly protects you from negative energy.
 g - a +2 lajatang of protection (weapon)
Missiles
 e - 12 javelins (quivered)
 t - 4 throwing nets
Armour
 c - a +0 helmet (worn)
 k - a +2 pair of gloves (worn)
 m - a +0 pair of boots (worn)
 s - a +2 cloak (worn)
 D - a +0 kite shield
 E - a +2 chain mail of cold resistance (worn)
Jewellery
 A - the ring "Zoiggi Poasi" (left hand) {Will+ rCorr MP+9 Str+4 Int+6}
   (You found it on level 3 of the Dungeon)

   [ring of intelligence]

   Str+4:     It affects your strength (+4).
   Int+6:     It affects your intelligence (+6).
   Will+:     It increases your willpower.
   MP+9:      It affects your magic capacity (+9).
   rCorr:     It protects you from acid and corrosion.
 J - a +4 ring of protection (right hand)
Wands
 f - a wand of paralysis (25)
 r - a wand of acid (12)
 C - a wand of polymorph (4)
 G - a wand of roots (10)
 I - a wand of mindburst (6)
 K - a wand of flame (6)
Scrolls
 j - a scroll of fog {unknown}
 q - a scroll of revelation {unknown}
 v - 7 scrolls of teleportation
 y - 3 scrolls of fear
 B - a scroll of immolation
 F - 2 scrolls of vulnerability
Potions
 d - 7 potions of ambrosia
 h - 3 potions of resistance
 i - 2 potions of mutation
 l - 3 potions of haste
 n - a potion of enlightenment {unknown}
 o - a potion of lignification {unknown}
 p - 3 potions of curing
 u - a potion of berserk rage
 w - 3 potions of brilliance
 z - a potion of invisibility
 H - a potion of might {unknown}


   Skills:
 + Level 9.3 Fighting
 + Level 5.0(7.5) Maces & Flails
 + Level 8.7(9.4) Staves
 + Level 7.7 Throwing
 + Level 8.8 Armour
 - Level 2.7 Dodging
 - Level 4.3 Stealth
 + Level 5.5 Shields
 + Level 7.6 Invocations


You had 9 spell levels left.
You knew the following spells:

 Your Spells              Type           Power      Damage    Failure   Level
a - Blink                 Tloc           0%         N/A       77%         2

Your spell library contained the following spells:

 Spells                   Type           Power      Damage    Failure   Level
 Shock                    Conj/Air       0%         1d3       63%         1
 Lesser Beckoning         Tloc           0%         N/A       77%         2
 Momentum Strike          Conj/Tloc      0%         3d8       77%         2
 Inner Flame              Hex/Fire       0%         N/A       94%         3
 Swiftness                Air            0%         N/A       94%         3
 Airstrike                Air            0%         2d(0-16)  100%        4
 Petrify                  Tmut/Erth      0%         N/A       100%        4
 Vhi's Electric Charge    Tloc/Air       0%         N/A       100%        4
 Arcjolt                  Conj/Air       0%         1d10      100%        5
 Irradiate                Conj/Tmut      0%         3d11      100%        5
 Yara's Violent Unravell  Hex/Tmut       0%         3d3       100%        5
 Plasma Beam              Fire/Air       0%         2x1d10    100%        6
 Enfeeble                 Hex            0%         N/A       100%        7
 Ozocubu's Refrigeration  Ice            0%         4d7       100%        7
 Polar Vortex             Ice            0%         N/A       100%        9
 Sublimation of Blood     Necr           Unusable   N/A       N/A         2
 Simulacrum               Ice/Necr       Unusable   N/A       N/A         6

Dungeon Overview and Level Annotations

Branches:
Dungeon (11/15)            Temple (1/1) D:4             Orc (0/2) D:11
Ossuary (visited)
   Lair: D:8-11

Altars:
Ashenzari
Cheibriados
Dithmenos
Elyvilon
Fedhas
Gozag
Hepliaklqana
Kikubaaqudgha
Makhleb
Nemelex Xobeh
Okawaru
Qazlal
Ru
Sif Muna
Trog
Uskayaw
Vehumet
Wu Jian
Xom
Yredelemnul
Zin
The Shining One

Shops:
D:4 *

Portals:
Trove: D:10 (give 4 scrolls of blinking)

Annotations:
D:8 3 runed translucent doors, jejorda2's ghost, novice GnBe


Innate Abilities, Weirdness & Mutations

You are immune to sickness and miasma.
Your stone body is resilient. (AC +8)
You are immune to poison.
You resist negative energy. (rN+)
You are resistant to electric shocks. (rElec)
You are resistant to unholy torment.
You are immune to petrification.
Your mind is acute. (Int +4, Str/Dex -1)
You have an increased reservoir of magic. (+10% MP)


Message History

* * * LOW HITPOINT WARNING * * *
The 15-headed hydra bites you but does no damage. x5
The 15-headed hydra closely misses you. The 15-headed hydra barely misses you.
The 15-headed hydra bites you but does no damage.
The 15-headed hydra barely misses you. The 15-headed hydra closely misses you.
There is an open door here.
You chop one of the 15-headed hydra's heads off!
The 14-headed hydra grows two more!
You slice the 16-headed hydra!!
The 16-headed hydra is almost dead.
The 16-headed hydra bites you.
* * * LOW HITPOINT WARNING * * *
The 16-headed hydra bites you.
* * * LOW HITPOINT WARNING * * *
The 16-headed hydra closely misses you. The 16-headed hydra bites you.
* * * LOW HITPOINT WARNING * * *
The 16-headed hydra barely misses you.
The 16-headed hydra bites you but does no damage. x3
The 16-headed hydra barely misses you. x2
The 16-headed hydra bites you but does no damage. x6
You fade into invisibility!
The 16-headed hydra bites you but does no damage. x4
The 16-headed hydra barely misses you.
The 16-headed hydra bites you but does no damage. x2
The 16-headed hydra barely misses you.
The 16-headed hydra bites you but does no damage.
The 16-headed hydra bites you!
* * * LOW HITPOINT WARNING * * *
The 16-headed hydra barely misses you.
The 16-headed hydra bites you but does no damage.
The 16-headed hydra barely misses you.
The 16-headed hydra bites you but does no damage. x3
As you read the scroll of teleportation, it crumbles to dust.
You feel strangely unstable.
The 16-headed hydra bites you but does no damage.
The 16-headed hydra closely misses you.
The 16-headed hydra bites you but does no damage.
The 16-headed hydra closely misses you.
The 16-headed hydra bites you but does no damage. x2
The 16-headed hydra closely misses you. The 16-headed hydra bites you!
You die...

#........##..
####Z##### #
###Z# #.†Z#
##Z##### #..Z...#
#......#
#....D.#######...
#.....@'........>
+......#######...
#......# #......#
########


You could see a 16-headed hydra (unable to see you), an orc zombie (unable to
see you) and an ogre zombie (unable to see you).

Vanquished Creatures
  4 two-headed ogres
  The ghost of Mightysalt the Ruffian, a novice TrGl (D:7)
  Maurice (D:8)
  2 unseen horrors
  A komodo dragon (D:10)
  A queen bee (D:11)
  4 trolls
  2 dream sheep (D:9)
  A wraith (D:10)
  15 yaks
  A vampire (D:8)
  A shadow (D:11)
  2 steam dragons
  2 two-headed ogre zombies (D:11)
  A vampire mosquito (D:11)
  An acid dragon (D:7)
  A water moccasin (D:7)
  Duvessa (D:4)
  9 orc warriors
  A sky beast (D:5)
  3 ice beasts
  2 black bears (D:7)
  An ogre (D:5)
  7 centaurs
  A phantom (D:5)
  3 bullfrogs
  3 scorpions
  3 gnoll sergeants (D:8)
  12 wights
  Dowan (D:4)
  26 killer bees
  3 howler monkeys
  A human zombie (Ossuary)
  A jelly (D:6)
  10 hounds
  Crazy Yiuf (D:4)
  6 orc priests
  2 sleepcaps
  7 gnoll boudas
  3 iguanas
  Ijyb (D:3)
  Natasha (thrice) (D:4)
  5 orc wizards
  2 ogre zombies (D:11)
  The ghost of Bravepunisher the Ducker, a weakling SpMo (D:5)
  3 mummies (Ossuary)
  31 gnolls
  5 adders
  A shadow imp (D:7)
  A white imp (D:6)
  An ufetubus (D:5)
  An adder zombie (Ossuary)
  2 worms
  4 dart slugs
  42 orcs
  7 ball pythons
  5 endoplasms
  3 giant cockroaches
  A gnoll zombie (Ossuary)
  4 hobgoblins
  5 jackals
  3 quokkas
  3 bats
  4 frilled lizards
  4 goblins
  5 goblin zombies
  6 hobgoblin zombies
  7 kobolds
  3 kobold zombies (Ossuary)
  5 orc zombies (D:11)
  2 quokka zombies (Ossuary)
  5 rats
  3 rat zombies (Ossuary)
326 creatures vanquished.

Notes
Turn   | Place    | Note
-------+----------+-------------------------------------------
     0 | D:1      | Tauromancer the Gargoyle Gladiator began the quest for the
                  | Orb.
     0 | D:1      | Reached XP level 1. HP: 12/12 MP: 1/1
   168 | D:1      | Reached XP level 2. HP: 18/18 MP: 2/2
   972 | D:2      | Reached XP level 3. HP: 22/22 MP: 3/3
  1090 | D:2      | Identified the +4 dagger "Kubaavie" {flame, MP+9 Str-4
                  | Dex+2}
  1136 | D:2      | Found a faded altar of an unknown god.
  1180 | D:2      | You fall into a shaft and drop 2 floors!
  1284 | D:4      | Noticed Natasha
  1293 | D:4      | Killed Natasha
  1294 | D:4      | Reached XP level 4. HP: 27/27 MP: 4/4
  1337 | D:4      | Reached skill level 3 in Fighting
  1337 | D:4      | Reached skill level 1 in Stealth
  1384 | D:4      | Reached skill level 1 in Armour
  1472 | D:4      | Found a staircase to the Ecumenical Temple.
  1499 | D:4      | Found Rulom's Mayhem Merchandise.
  1527 | D:4      | Reached XP level 5. HP: 26/32 MP: 5/5
  1549 | D:4      | Found a sand-covered staircase.
  1567 | Ossuary  | Entered an ossuary
  2052 | D:4      | Reached XP level 6. HP: 36/38 MP: 6/6
  2078 | D:4      | Noticed Natasha
  2101 | D:4      | Killed Natasha
  2118 | D:4      | Noticed Natasha
  2124 | D:4      | Killed Natasha
  2327 | D:4      | Found a runed translucent door.
  2328 | D:4      | Noticed Crazy Yiuf
  2397 | D:4      | Killed Crazy Yiuf
  2692 | D:4      | Noticed Duvessa
  2694 | D:4      | Noticed Dowan
  2699 | D:5      | Entered Level 5 of the Dungeon
  2834 | D:5      | Reached skill level 4 in Fighting
  2855 | D:5      | Reached XP level 7. HP: 43/43 MP: 7/7
  2892 | D:5      | Found an opulent altar of Gozag.
  2941 | D:5      | Found a runed translucent gate.
  2941 | D:5      | Found a runed translucent gate.
  2942 | D:5      | Found a runed translucent gate.
  2952 | D:5      | Found a basalt altar of Yredelemnul.
  3095 | D:5      | Noticed Bravepunisher's ghost (weakling SpMo)
  3257 | D:5      | Found a shimmering altar of Xom.
  3367 | D:5      | Found a snail-covered altar of Cheibriados.
  3680 | D:4      | Killed Dowan
  3681 | D:4      | Reached XP level 8. HP: 48/48 MP: 8/8
  3692 | D:4      | Killed Duvessa
  3693 | D:4      | Reached skill level 5 in Fighting
  3693 | D:4      | Reached skill level 5 in Staves
  3849 | D:4      | Found a glowing silver altar of Zin.
  4185 | Temple   | Entered the Ecumenical Temple
  4235 | Temple   | Became a worshipper of Warmaster Okawaru
  4514 | D:3      | Found a shadowy altar of Dithmenos.
  4700 | D:3      | Identified the ring "Zoiggi Poasi" {Will+ rCorr MP+9 Str+4
                  | Int+6}
  4706 | D:3      | Learned a level 2 spell: Blink
  4790 | D:3      | Noticed Ijyb
  4820 | D:3      | Killed Ijyb
  5728 | D:5      | Killed Bravepunisher's ghost
  5745 | D:5      | Reached skill level 1 in Invocations
  6142 | D:6      | Identified the +2 sling of Melee {antimagic, rC+ Will-
                  | Str+2}
  6280 | D:5      | Learned a level 2 spell: Blink
  6443 | D:6      | Reached * piety under Okawaru
  6764 | D:6      | Reached skill level 5 in Armour
  6764 | D:6      | Reached XP level 9. HP: 38/55 MP: 11/11
  6915 | D:6      | Noticed a troll
  6924 | D:6      | Killed a troll
  6925 | D:6      | Reached skill level 6 in Fighting
  6925 | D:6      | Reached skill level 5 in Throwing
  7487 | D:6      | Found an ornate altar of the Wu Jian Council.
  7649 | D:7      | Found a bloodstained altar of Trog.
  7650 | D:7      | Found a runed translucent door.
  7652 | D:7      | Noticed Mightysalt's ghost (novice TrGl)
  7669 | D:7      | Reached ** piety under Okawaru
  8062 | D:7      | Reached skill level 7 in Fighting
  8177 | D:7      | Killed Mightysalt's ghost
  8177 | D:7      | Reached *** piety under Okawaru
  8178 | D:7      | Reached skill level 5 in Invocations
  8178 | D:7      | Reached XP level 10. HP: 49/63 MP: 13/13
  8185 | D:7      | Identified the +7 flail of Disintegration {flame, rN++}
  8476 | D:8      | Reached skill level 1 in Shields
  8485 | D:8      | Reached skill level 1 in Maces & Flails
  8493 | D:8      | Reached **** piety under Okawaru
  8869 | D:8      | Noticed Maurice
  8874 | D:8      | Paralysed by Maurice for 3 turns
  8908 | D:8      | Paralysed by something for 5 turns
  8921 | D:8      | Killed Maurice
  9197 | D:8      | Found a runed translucent gate.
  9241 | D:8      | Gained mutation: Your mind is acute. (Int +4, Str/Dex -1)
                  | [potion of mutation]
  9241 | D:8      | Gained mutation: You have an increased reservoir of magic.
                  | (+10% MP) [potion of mutation]
  9597 | D:8      | Found a runed translucent gate.
  9598 | D:8      | Found a runed translucent gate.
  9599 | D:8      | Noticed jejorda2's ghost (novice GnBe)
  9770 | D:8      | Reached skill level 8 in Fighting
  9775 | D:8      | Reached ***** piety under Okawaru
  9866 | D:9      | Reached XP level 11. HP: 68/68 MP: 17/17
  9880 | D:9      | Received a gift from Okawaru
 10038 | D:9      | Noticed a two-headed ogre
 10047 | D:9      | Killed a two-headed ogre
 10115 | D:9      | Noticed a two-headed ogre
 10128 | D:9      | Killed a two-headed ogre
 10371 | D:9      | Found a hide-covered altar of Uskayaw.
 10583 | D:10     | Entered Level 10 of the Dungeon
 10806 | D:10     | Received a gift from Okawaru
 11126 | D:10     | Found a glowing golden altar of the Shining One.
 11260 | D:10     | Noticed a two-headed ogre
 11275 | D:10     | Killed a two-headed ogre
 11275 | D:10     | Identified the +1 cloak of the Kodama {rN+} (Okawaru gifted
                  | it to you on level 10 of the Dungeon)
 11275 | D:10     | Received a gift from Okawaru
 11473 | D:10     | Noticed a two-headed ogre
 11479 | D:10     | Killed a two-headed ogre
 11509 | D:10     | Reached skill level 9 in Fighting
 11669 | D:10     | Found a portal to a secret trove of treasure.
 11977 | D:11     | Reached skill level 5 in Shields
 12025 | D:11     | Reached XP level 12. HP: 48/76 MP: 19/19
 12331 | D:11     | Noticed a six-headed hydra
 12566 | D:11     | Reached skill level 5 in Maces & Flails
 12686 | D:11     | Found a staircase to the Orcish Mines.
 12709 | D:11     | HP: 3/76 [16-headed hydra (7)]
 12714 | D:11     | Mangled by a 16-headed hydra

Illustrated notes

Levels and vault maps discovered:
D:1:      minmay_arrival_nine_rooms, layout_loops_ring, serial_forest,
          infiniplex_forest_zigzag_1, infiniplex_forest_lined_ring,
          infiniplex_forest_clump_curved, infiniplex_forest_pool,
          infiniplex_forest_fountain, infiniplex_forest_lined_4_way,
          infiniplex_forest_straight_2, infiniplex_forest_clump_cross,
          infiniplex_forest_pool
D:2:      layout_basic, hellmonk_ecumenical_altar_heavens_door
D:3:      layout_basic, nicolae_dithmenos_shadow_blocks, roderic_st_hans_cross,
          corexii_leaking_fountain, uniq_ijyb
D:4:      layout_layer_cave, zin_statuary, minmay_temple_entry_drinking_statues,
          enter_ossuary_2, minmay_shop_mayhem, st_stairs_12, uniq_duvessa,
          uniq_natasha, uniq_crazy_yiuf_cottage
D:5:      layout_loops_corners, nicolae_overflow_hidden_temple,
          mainiacjoe_overflow_brackets, mainiacjoe_overflow_catch_the_wave,
          gammafunk_ghost_split
D:6:      layout_layer_cave, nzn_wu_jian_council_hall, minmay_small_thing
D:7:      layout_cave_pools, mainiacjoe_overflow_cross_hatched,
          ebering_ghost_inner_flame
D:8:      layout_cave_pools, special_room [special_room_orc],
          ebering_ghost_rock_garden, serial_gnoll_camp, gnoll_camp_huts_moat,
          gnoll_camp_mini_loothouse, gnoll_camp_mini_hut, gnoll_camp_mini_hut,
          gnoll_camp_medium_01, uniq_maurice
D:9:      layout_cave_pools, nicolae_uskayaw_dance_hall,
          dreamdust_gnoll_shepherd
D:10:     layout_loops_ring, tso_altar, nicolae_trove_entry_diagonal,
          minivault_5, minmay_joined_circles
D:11:     layout_roguey [special_room_bee], minmay_lair_entry_lava,
          zombieorc2_lemuel, serial_rivers, chequers_serial_rivers_marsh,
          chequers_serial_rivers_micro_b, chequers_serial_rivers_micro_c,
          chequers_serial_rivers_small_b, serial_shops, shop
Temple:   nicolae_temple_bog_church

Skill      XL: |  1  2  3  4  5  6  7  8  9 10 11 12 |
---------------+-------------------------------------+-----
Throwing       | 2 3 4 6 7 |  7.7
Fighting       | 3 4 5 7 8 9 |  9.3
Stealth        | 1 2 3 4 |  4.3
Armour         | 1 2 3 5 6 7 8 |  8.8
Staves         | 4 5 7 8 |  8.7
Invocations    | 2 5 6 7 |  7.6
Shields        | 3 5 |  5.5
Maces & Flails | 2 4 5 |  5.0
Dodging        | |  2.7

Action                     |  1- 3 |  4- 6 |  7- 9 | 10-12 || total
---------------------------+-------+-------+-------+-------++-------
  Melee: Quarterstaff      |    64 |   202 |   239 |       ||   505
         Flail             |       |       |       |   268 ||   268
         Lajatang          |       |       |       |   371 ||   371
  Throw: Throwing net      |     2 |     6 |       |     2 ||    10
         Javelin           |       |     3 |    18 |     4 ||    25
   Cast: Blink             |       |       |     1 |       ||     1
 Invoke: Heroism           |       |       |     1 |     1 ||     2
         Finesse           |       |       |       |     2 ||     2
  Evoke: Wand              |       |       |       |    10 ||    10
    Use: Scroll            |     4 |     5 |     7 |     8 ||    24
         Potion            |       |     3 |     2 |     8 ||    13
   Stab: Sleeping          |     1 |       |     8 |       ||     9
         Held in net/web   |       |     1 |       |       ||     1
         Paralysed         |       |       |     1 |       ||     1
 Armour: Leather armour    |    36 |   132 |    42 |       ||   210
         Ring mail         |       |       |    97 |       ||    97
         Skin              |       |       |    15 |       ||    15
         Acid dragon scale |       |       |    25 |    74 ||    99
         Chain mail        |       |       |       |   819 ||   819
  Dodge: Dodged            |    37 |   105 |   155 |   389 ||   686
  Block: Kite shield       |       |       |       |   165 ||   165

Table legend: (Time is in decaauts)
 A = Elapsed time spent in this place.
 B = Non-inter-level travel time spent in this place.
 C = Inter-level travel time spent in this place.
 D = Time resting spent in this place.
 E = Time spent auto-exploring this place.
 F = Levels seen in this place.
 G = Mean time per level.
                   A        B        C        D        E       F      G
               +--------+--------+--------+--------+--------+-----+--------+
         Total |  12779 |  12024 |    755 |   1692 |   7705 |  13 |  983.0 |
       Dungeon |  12381 |  11692 |    689 |   1640 |   7660 |  11 | 1125.5 |
        Temple |     67 |      2 |     65 |      0 |      0 |   1 |   67.0 |
       Ossuary |    330 |    330 |      0 |     52 |     45 |   1 |  330.0 |
               +--------+--------+--------+--------+--------+-----+--------+

Top non-repeatable levels by time:
     D:4: 1770 daAuts
     D:6: 1577 daAuts
     D:8: 1533 daAuts
    D:10: 1329 daAuts
     D:5: 1314 daAuts
     D:3: 986 daAuts
     D:1: 854 daAuts
     D:7: 781 daAuts
    D:11: 763 daAuts
     D:9: 742 daAuts
     D:2: 727 daAuts
 Ossuary: 330 daAuts
  Temple: 67 daAuts
